 Dungeon Crawl Stone Soup version 0.30-a0-913-g9934a0ce24 (webtiles) character file.

Game seed: 12609485282833912499

51 LobsterGuardian the Trooper (level 3, -2/26 HPs)
             Began as an Octopode Fighter on Mar 19, 2023.
             Slain by a gnoll
             ... wielding a +0 whip
              (3 damage)
             ... on level 1 of the Dungeon.
             The game lasted 00:04:24 (694 turns).

LobsterGuardian the Trooper (Octopode Fighter)       Turns: 694, Time: 00:04:25

Health: -2/26      AC:  1    Str: 15    XL:     3   Next: 81%
Magic:  3/3        EV: 13    Int: 10    God:
Gold:   27         SH:  5    Dex: 13    Spells: 0/2 levels left

rFire   + . .      SeeInvis .    a - +0 war axe
rCold   . . .      Faith    .    b - +0 buckler
rNeg    . . .      Spirit   .    (helmet restricted)
rPois   .          Reflect  .    (no amulet)
rElec   .          Rampage  .    d - ring of protection from fire
rCorr   .                        (no ring)
Will    .....                    (no ring)
Stlth   ++                       (no ring)
HPRegen 0.24/turn                (no ring)
MPRegen 0.08/turn                (no ring)
                                 (no ring)
                                 (no ring)

@: no status effects
A: almost no armour, amphibious, 8 rings, camouflage 1, gelatinous body 1,
(nimble swimmer 1), tentacles
a: no special abilities


You were on level 1 of the Dungeon.
You visited 1 branch of the dungeon, and saw 2 of its levels.

You collected 27 gold pieces.

Inventory:

Hand Weapons
 a - a +0 war axe (weapon)
Armour
 b - a +0 buckler (worn)
Jewellery
 d - a ring of protection from fire (left tentacle)
Scrolls
 e - a scroll of silence {unknown}
 g - a scroll of magic mapping {unknown}
 h - a scroll of fear {unknown}
Potions
 c - a potion of might
 f - a potion of magic {unknown}
 i - a potion of curing {unknown}
 j - a potion of degeneration {unknown}
 k - a potion of cancellation {unknown}


   Skills:
 + Level 3.4 Fighting
 * Level 3.0 Axes
 + Level 3.1 Dodging
 + Level 0.6 Stealth
 + Level 3.3 Shields


You couldn't memorise any spells.
You knew the following spells:

 Your Spells              Type           Power      Damage    Failure   Level
a - Passwall              Tmut/Erth      0%         N/A       58%         2

Your spell library contained the following spells:

 Spells                   Type           Power      Damage    Failure   Level
 Shock                    Conj/Air       0%         1d3       45%         1
 Ensorcelled Hibernation  Hex/Ice        0%         N/A       58%         2
 Swiftness                Air            0%         N/A       83%         3
 Airstrike                Air            0%         2d(0-16)  99%         4


Dungeon Overview and Level Annotations

Branches:
Dungeon (2/15)

Altars:


Innate Abilities, Weirdness & Mutations

You cannot wear most types of armour.
You are amphibious.
You can wear up to eight rings at the same time.
Your skin changes colour to match your surroundings (Stealth+).
Your rubbery body absorbs attacks. (AC +1, EV +1)
((You are camouflaged when in or above water. (Stealth+)))
You have tentacles for arms and can constrict up to eight enemies at once.


Message History

The gnoll hits you with a +0 whip.
You climb upwards.
There is a stone staircase leading down here.
Unknown command.
You barely miss the gnoll. You grab the gnoll. You squeeze the gnoll.
The gnoll is lightly wounded.
You constrict the gnoll, but do no damage.
You block the gnoll's attack.
You slash the gnoll!
The gnoll is heavily wounded.
You constrict the gnoll. The gnoll barely misses you.
You hit the gnoll but do no damage.
The gnoll is severely wounded.
You constrict the gnoll.
You kill the gnoll!
Your Axes skill increases to level 3!
You see here a +0 club.
You see here a +0 dagger.
HP restored.
There is a stone staircase leading down here.
You climb downwards.
A gnoll comes into view. It is wielding a +0 flail.
There is a stone staircase leading up here.
Unknown command.
You aren't carrying any items that you can evoke.
The gnoll attacks as you move away! You block the gnoll's attack.
The gnoll attacks as you move away! You block the gnoll's attack.
There is a stone staircase leading up here.
The gnoll completely misses you. The gnoll hits you with a +0 flail.
The gnoll hits you from afar with a +0 heavy spear.
You climb upwards.
There is a stone staircase leading down here.
Unknown command.
You closely miss the gnoll. You grab the gnoll. You hit the gnoll.
You constrict the gnoll. The gnoll hits you with a +0 flail!
* * * LOW HITPOINT WARNING * * *
The gnoll hits you with a +0 whip.
* * * LOW HITPOINT WARNING * * *
The gnoll closely misses you. The gnoll hits you with a +0 whip.
You die...

..#.#.........#.....#
#...#
.##.##.......##.#####
##..#
###'####...####.# #.#
#... ##...#####'# #.#
#.# #)..
.......###.##
#.###.####### ##..
........#...#
#.#...#...#.# #..
...<....+...#
#...#.....#.# #..
..^.....#...#
##g.###...#.# ###
.......###..#
#@g......'.#
##...#####.##
######...###
###+#####..# #)..#
..........## #...#
########### #####


You could see 2 gnolls.

Vanquished Creatures
  2 gnolls
  A dart slug (D:1)
  5 bats (D:1)
  A giant cockroach (D:1)
  5 goblins (D:1)
  4 jackals (D:1)
  5 kobolds (D:1)
  A quokka (D:1)
  3 ball pythons (D:1)
  A rat (D:1)
28 creatures vanquished.

Notes
Turn   | Place    | Note
-------+----------+-------------------------------------------
     0 | D:1      | LobsterGuardian the Octopode Fighter began the quest for
                  | the Orb.
     0 | D:1      | Reached XP level 1. HP: 16/16 MP: 1/1
   125 | D:1      | Reached XP level 2. HP: 18/21 MP: 2/2
   406 | D:1      | Reached XP level 3. HP: 24/26 MP: 3/3
   462 | D:1      | Learned a level 2 spell: Passwall
   623 | D:2      | Found a faded altar of an unknown god.
   694 | D:1      | HP: 1/26 [gnoll/+0 whip (6)]
   694 | D:1      | Slain by a gnoll

Illustrated notes

Levels and vault maps discovered:
D:1:      dpeg_arrival_three_smaller_balls, layout_basic, serial_curves,
          eino_curves_02, eino_curves_04
D:2:      layout_basic, nicolae_ecumenical_pavilion, serial_curves,
          eino_curves_01, eino_curves_03, eino_curves_03, grunt_ministairs_10,
          hangedman_abyss_or_decor_lesser_grid, roderic_three_in_a_row

Skill      XL: |  1  2  3 |
---------------+----------+-----
Axes           | 3 |  3.0
Fighting       | |  3.4
Dodging        | |  3.1
Stealth        | |  0.6
Shields        | |  3.3

Action                     || total
---------------------------++-------
  Melee: War axe           ||    49
         Constrict         ||    18
         Tentacles         ||     8
   Stab: Sleeping          ||     6
 Armour: Skin              ||    10
  Dodge: Dodged            ||    32
  Block: Buckler           ||    11

Table legend: (Time is in decaauts)
 A = Elapsed time spent in this place.
 B = Non-inter-level travel time spent in this place.
 C = Inter-level travel time spent in this place.
 D = Time resting spent in this place.
 E = Time spent auto-exploring this place.
 F = Levels seen in this place.
 G = Mean time per level.
                   A        B        C        D        E       F      G
               +--------+--------+--------+--------+--------+-----+--------+
         Total |    715 |    655 |     60 |      0 |    454 |   2 |  357.5 |
       Dungeon |    715 |    655 |     60 |      0 |    454 |   2 |  357.5 |
               +--------+--------+--------+--------+--------+-----+--------+

Top non-repeatable levels by time:
     D:1: 697 daAuts
     D:2: 17 daAuts
